Map: Abiogenesis LE

Players

Lenskor

  • Race: Protoss Protoss
  • League: Silver
  • Spawn Location: 11:00

betotto - Winner!

  • Race: Zerg Zerg
  • League: Gold
  • Spawn Location: 5:00

VOD

Have the link to the VOD?

Description

Time

  • Played on: Feb. 11, 2018, 1:05 p.m.
  • Length: 8:25
Show
View Real Time Build Order
Export as new Build Order

Lenskor Protoss 

Build Orders:  

Get SALT Encoding   

  12  0:04  Probe  
  13  0:16  Probe  
  13  0:20  Pylon  
  14  0:29  Probe  
  15  0:40  Gateway  
  15  0:41  Probe  
  16  0:52  Assimilator  
  16  0:53  Probe  
  17  1:05  Probe  
  18  1:18  Probe  
  19  1:29  Cybernetics Core  
  19  1:32  Zealot  
  21  1:39  Probe  
  22  2:04  Warp Gate (Chrono Boost)  
  22  2:10  Pylon  
  22  2:12  Twilight Council  
  22  2:15  Pylon  
  22  2:28  Zealot  
  24  2:45  Charge (Chrono Boost)  
  24  2:51  Gateway  
  24  2:52  Gateway  
  24  2:54  Gateway  
  24  3:09  Pylon  
  24  3:17  Pylon  
  24  3:28  Pylon  
  24  3:36  Gateway x2  
  24  3:40  Gateway  
  24  4:01  Robotics Facility  
  24  4:02  Zealot  
  26  4:04  Zealot x2  
  30  4:15  Zealot  
  32  4:21  Forge  
  32  4:27  Zealot  
  32  4:28  Zealot x2  
  38  4:32  Zealot  
  38  4:36  Pylon  
  38  4:38  Shield Battery  
  40  4:41  Pylon  
  40  4:52  Zealot  
  42  4:53  Zealot  
  44  5:12  Zealot x2  
  44  5:13  Zealot  
  48  5:23  Zealot  
  50  5:34  Zealot  
  50  5:35  Zealot  
  50  5:40  Zealot  
  42  5:52  Zealot  
  40  6:13  Zealot x4  
  48  6:21  Protoss Ground Armor Level 1 (Chrono Boost)  
  42  6:45  Zealot  
  42  6:46  Zealot  
  46  6:51  Shield Battery  
  46  7:14  Zealot  
  46  7:15  Zealot x3  
  54  7:30  Zealot x2  
  58  7:51  Zealot x2  
  62  8:02  Pylon  
Show
View Real Time Build Order
Export as new Build Order

betotto Zerg - Winner!

Build Orders: Hatch First 

Get SALT Encoding   

  12  0:02  Drone  
  13  0:13  Overlord  
  13  0:19  Drone  
  14  0:43  Hatchery  
  14  0:46  Drone  
  14  0:52  Drone  
  14  0:54  Drone  
  16  0:59  Drone  
  17  1:16  Spawning Pool  
  17  1:17  Drone  
  17  1:20  Drone  
  18  1:30  Extractor, Drone  
  18  1:42  Drone  
  19  1:53  Drone  
  20  2:00  Hatchery  
  19  2:04  Queen  
  19  2:07  Drone  
  22  2:12  Extractor  
  22  2:13  Drone  
  22  2:15  Drone  
  23  2:18  Drone  
  23  2:21  Drone  
  25  2:41  Lair  
  25  2:44  Drone x2  
  27  3:05  Drone  
  28  3:06  Roach Warren  
  28  3:12  Queen  
  29  3:22  Drone x2  
  29  3:23  Drone  
  29  3:26  Overlord, Drone  
  33  3:27  Drone  
  33  3:33  Overlord  
  34  3:35  Overlord  
  34  3:45  Drone  
  34  3:47  Roach x2  
  39  3:51  Roach, Overlord  
  41  3:56  Roach, Extractor  
  41  3:57  Glial Reconstitution  
  41  4:00  Overseer  
  42  4:08  Roach  
  42  4:09  Roach  
  46  4:13  Drone  
  46  4:14  Drone x2  
  49  4:19  Overseer  
  49  4:22  Overlord, Drone  
  50  4:29  Drone x3  
  53  4:32  Roach  
  53  4:34  Roach  
  57  4:40  Drone x2  
  59  4:48  Roach x2  
  59  4:49  Roach  
  59  4:51  Roach  
  67  4:53  Roach  
  69  5:02  Drone x5  
  67  5:32  Overlord x3  
  57  5:54  Roach x6  
  57  5:56  Roach  
  75  5:57  Roach x2  
  75  6:00  Spire  
  70  6:22  Hatchery  
  70  6:23  Roach x3  
  75  6:26  Drone x3  
  75  6:27  Queen  
  72  6:46  Roach x2  
  70  6:48  Roach  
  70  6:49  Roach x2  
  76  7:03  Queen  
  78  7:13  Roach  
  78  7:14  Roach  
  82  7:17  Roach x3  
  82  7:19  Mutalisk  
  82  7:20  Mutalisk  
  82  7:21  Overlord  
  92  7:26  Evolution Chamber  
  91  7:50  Mutalisk  
  91  7:51  Mutalisk x2  
  93  7:53  Overlord  
  93  7:56  Drone x2  
  93  7:57  Extractor  
Tags
 
Add a new tag
Caveats
  • Supply blocks, unpowered buildings, or Contaminate may cause inaccurate times.
  • Supply counts are checked every 10 seconds.